Arrhythmia, neutral female human Tourist ------ --.|..---. --- |.......... --.-- |...|...... ---...-- --.----.>).. ------......----- --- |..... |.............<.------- ---.... --.................--.-- |...... ----.--......--.......| --@|.... ---|.....----.....*| |...|.... --.--.| -----.----.---.^.- ---|.| ---|...||... |.|----------)----..- -------.||....--....|.....-- --..--...---................-- |............................| --......-----....)..--.....|..| |.....--- ---.....|--.------- --..--- --..--- --- ---- ---- Arrhythmia the Excursionist Experience level: 6 Strength: 15 Dexterity: 12 Constitution: 15 Intelligence: 11 Wisdom: 8 Charisma: 14 Health: 28(40) Energy: 21(21) AC: 2 Gold: 577 Moves: 1615 Your Inventory: Coins $ - 577 gold pieces Weapons a - 25 uncursed +2 darts (in quiver) h - a cursed [+0] thonged club [aklys] (weapon in hand) U - an uncursed [-2] dagger X - 4 [uncursed] +0 daggers Armor f - an [uncursed] +0 iron skull cap [orcish helm] (being worn) i - an [uncursed] +0 hooded cloak [dwarvish] (being worn) l - a blessed +0 Hawaiian shirt (being worn) p - a cursed +0 pair of hard shoes [iron] (being worn) T - an [uncursed] +0 elven mithril-coat (being worn) Comestibles b - an uncursed sprig of wolfsbane c - 4 uncursed tripe rations d - 2 uncursed food rations e - an uncursed [stale] egg g - an uncursed cram ration Scrolls k - 4 uncursed scrolls of magic mapping s - 2 [cursed] scrolls labeled LOREN IPSUM [of identify] t - 3 [uncursed] scrolls labeled LOREN IPSUM [of identify] Potions j - an uncursed potion of extra healing o - a [cursed] potion of extra healing W - an [uncursed] black potion [of healing] Tools m - an uncursed expensive camera (0:58) n - an uncursed credit card V - an [uncursed tallow] candle Y - an [uncursed] leash Spells known in the end: Name Level Category Fail Memory Your skills at the end: Fighting Skills Weapon Skills dart [Basic / Expert] Spellcasting Skills Final Attributes: You were devoutly aligned. Hunger level was 404. Your alignment was 18 / 18. Monster difficulty range was 0 - 4. Level difficulty was 3. You were lucky (1). You survived. Vanquished creatures: a fog cloud 3 gnome lords a kitten a dwarf an acid blob a coyote 2 hobbits a hobgoblin 2 giant rats a yellow mold 12 gnomes 2 gnome zombies a gecko 5 jackals a fox a goblin 2 grid bugs 2 bats 2 lichens 3 newts 45 creatures vanquished. Voluntary challenges: You used a wielded weapon 41 times. You read items or engraved 21 times. You put on armor 6 times. You never genocided any monsters. You never polymorphed an object. You never changed form. You used no wishes. You wrote Elbereth's name 18 times. You never encountered a bones level. You never used any Sokoban shortcuts. Dungeon overview: The Dungeons of Doom: levels 1 to 2 Level 1 a long staircase Level 2 a scroll shop, some fountains stairs to The Gnomish Mines The Gnomish Mines: levels 3 to 4 Level 3 <- You were here stairs to The Dungeons of Doom History has recorded: On T:1 you entered the Dungeons of Doom to retrieve the Amulet of Yendor! On T:351 you reached level 2 of The Dungeons of Doom. On T:518 you advanced to experience level 2. On T:720 you advanced to experience level 3. On T:987 you reached level 1 of The Gnomish Mines. On T:993 you advanced to experience level 4. On T:1178 you advanced to experience level 5. On T:1239 you reached level 2 of The Gnomish Mines. On T:1603 you advanced to experience level 6. Latest messages: [HP+1=21] You kill it! Welcome to experience level 6. [HP+5=26] a - 5 uncursed +2 darts (in quiver). There are several more objects here. [HP+1=27] a - an uncursed +2 dart (in quiver). There are several objects here. h - a thonged club. i - a hooded cloak. p - a pair of hard shoes. You wear a +0 hooded cloak. You finish wearing a +0 pair of hard shoes. Oops; they feel deathly cold. [HP+1=28] [2 turns] You don't have anything else to wear. The thonged club welds itself to your hand! Final status: Aloha Arrhythmia the Tourist... You quit in The Gnomish Mines on dungeon level 3 with 455 points, and 577 pieces of gold, after 1615 moves. You were level 6 with a maximum of 40 hit points when you quit.